[Event "*** SCC Grand Prix: Titled Tuesday Blitz"]
[Site "Chess.com"]
[Date "2020.08.11"]
[Round "7"]
[White "barbara25"]
[Black "Enriquack"]
[Result "0-1"]
[WhiteElo "2199"]
[BlackElo "2342"]
[TimeControl "180+1"]
[EndTime "11:15:21 PDT"]
[Termination "Enriquack won by resignation"]

1. e4 c5 2. Nf3 e6 3. g3 Nc6 4. Bg2 Be7 5. O-O Nf6 6. Re1 O-O 7.
c3 d5 8. e5 Nd7 9. d4 b5 10.
a4 b4 11. Nbd2 Rb8 12. Nf1 Ba6 13. h3 bxc3 14. bxc3 Qa5 15. Bd2 Bxf1 16. Bxf1 c4 17. g4 Rb3 18. Nh2 Rfb8 19. f4 Qb6 20. Kh1 a5 21. Qf3 Nxd4 22. Qg2 Nc2 23. f5 Nxa1 24.
Rxa1 Rb1 25. Rxb1 Qxb1 26. Qf3 Rb2 27. Be3 Nxe5 28. Qf4 Nd3 29. Qc7 Bf8 30. fxe6 fxe6 31. Qd7 Rxh2+ 32. Kxh2 Qxf1 33. Qxe6+ Qf7 0-1

[Event "*** SCC Grand Prix: Titled Tuesday Blitz"]
[Site "Chess.com"]
[Date "2020.08.11"]
[Round "7"]
[White "Kobalia"]
[Black "louis198"]
[Result "1-0"]
[WhiteElo "2788"]
[BlackElo "2581"]
[TimeControl "180+1"]
[EndTime "11:15:22 PDT"]
[Termination "Kobalia won by resignation"]

1. e4 e6 2. d4 d5 3. Nd2 Nc6 4. Ngf3 Nf6 5. e5 Nd7 6. Bb5 f6 7. O-O fxe5 8. dxe5 Be7 9. Re1 O-O 10. Nf1 Kh8 11. Ng3 Nc5 12. Be3 Bd7 13. Bxc6 Bxc6 14. Nd4 a5 15. Qg4 Bd7 16. b3 Rf7 17. Rad1 Qf8 18. h4 Re8 19. h5 Bd8 20. Nf3 Bc6 21.
h6 g6 22. Ng5 Bxg5 23. Qxg5 Ne4 24. Nxe4 dxe4 25. Rd2 Rf5 26. Qh4 b5 27. c4 bxc4 28. bxc4 Ba4 29. Rb1 Rb8 30. Rxb8 1-0

[Event "*** SCC Grand Prix: Titled Tuesday Blitz"]
[Site "Chess.com"]
[Date "2020.08.11"]
[Round "7"]
[White "Colchonero64"]
[Black "kuban1991"]
[Result "0-1"]
[WhiteElo "2894"]
[BlackElo "2752"]
[TimeControl "180+1"]
[EndTime "11:15:25 PDT"]
[Termination "kuban1991 won on time"]

1. Nf3 g6 2. d4 Bg7 3. c4 c5 4.
d5 d6 5. Nc3 Bxc3+ 6. bxc3 f5 7. h4 Nf6 8. h5 Rg8 9. hxg6 hxg6 10. Ng5 Qa5 11. Bd2 Nbd7 12. f3 Nb6 13. Rh4 Bd7 14.
e4 O-O-O 15. Bd3 Rh8 16. Rxh8 Rxh8 17. Kf2 fxe4 18. fxe4 Ng4+ 19. Kg3 Ne5 20. Bf4 Qxc3 0-1

[Event "*** SCC Grand Prix: Titled Tuesday Blitz"]
[Site "Chess.com"]
[Date "2020.08.11"]
[Round "7"]
[White "goldihouse"]
[Black "Shivagami"]
[Result "1-0"]
[WhiteElo "2463"]
[BlackElo "2240"]
[TimeControl "180+1"]
[EndTime "11:15:26 PDT"]
[Termination "goldihouse won by resignation"]

1. c4 e5 2. g3 c6 3. d4 exd4 4. Qxd4 Nf6 5. Bg2 d6 6. Nf3 Be7 7. O-O O-O 8. Nc3 Bf5 9. Rd1 Nbd7 10. Bf4 Nb6 11. b3 Ne8 12. Qe3 Nd7 13. Rac1 Qb6 14. Qxe7 Be6 15. Bxd6 1-0

[Event "*** SCC Grand Prix: Titled Tuesday Blitz"]
[Site "Chess.com"]
[Date "2020.08.11"]
[Round "7"]
[White "ArjunErigaisi2003"]
[Black "Alexander_Zubov"]
[Result "0-1"]
[WhiteElo "3011"]
[BlackElo "2840"]
[TimeControl "180+1"]
[EndTime "11:15:33 PDT"]
[Termination "Alexander_Zubov won by resignation"]

1. d4 Nf6 2. c4 g6 3. Nc3 d5 4. Nf3 Bg7 5. h4 c6 6. Bg5 h6 7.
Bxf6 Bxf6 8. e3 e6 9. Bd3 Nd7 10.
Qe2 O-O 11. O-O-O b5 12. cxb5 c5 13. Bc2 a6 14. h5 axb5 15. hxg6 Bg7 16. gxf7+ Rxf7 17. Qxb5 c4 18. e4 Rb8 19. Qa4 Nb6 20. Qb5 Bd7 21. Qa6 Ra8 22. Qb7 Be8 23. Qxf7+ Bxf7 24.
exd5 Nxd5 0-1

[Event "*** SCC Grand Prix: Titled Tuesday Blitz"]
[Site "Chess.com"]
[Date "2020.08.11"]
[Round "7"]
[White "korbul"]
[Black "Sadykov_Ramil"]
[Result "0-1"]
[WhiteElo "2559"]
[BlackElo "2418"]
[TimeControl "180+1"]
[EndTime "11:15:37 PDT"]
[Termination "Sadykov_Ramil won by resignation"]

1. e4 c5 2. Nf3 e6 3. d4 cxd4 4. Nxd4 Nf6 5. Nc3 Nc6 6. Be2 Bb4 7. Qd3 d5 8. Nxc6 bxc6 9. e5 Nd7 10. Qg3 d4 11. a3 Qa5 12. Rb1 Bxc3+ 13. bxc3 Qxc3+ 14. Bd2 Qxg3 15. hxg3 Nxe5 16. f4 Nd7 17. Bf3 Rb8 18.
Ke2 Ba6+ 19. Kf2 c5 20. Bc6 Rxb1 21. Rxb1 Ke7 22. c3 Rb8 23. Rh1 Rb2 0-1

[Event "*** SCC Grand Prix: Titled Tuesday Blitz"]
[Site "Chess.com"]
[Date "2020.08.11"]
[Round "7"]
[White "Region_07"]
[Black "Iskusnyh"]
[Result "1-0"]
[WhiteElo "2424"]
[BlackElo "2549"]
[TimeControl "180+1"]
[EndTime "11:15:37 PDT"]
[Termination "Region_07 won by checkmate"]

1. e4 e6 2. d4 d5 3. Nd2 c5 4. exd5 Qxd5 5. Ngf3 cxd4 6. Bc4 Qd7 7. O-O Nc6 8. Re1 Nf6 9. Nb3 Qc7 10. Bb5 Bd7 11. Nbxd4 O-O-O 12. Qe2 Nxd4 13. Nxd4 Bc5 14. Bxd7+ Rxd7 15. Nb5 Qb6 16. Bf4 Nd5 17. Bg3 a6 18.
Qe5 Bxf2+ 19. Bxf2 Qxb5 20. c4 Qa4 21. cxd5 exd5 22.
Rac1+ Kd8 23. Qb8# 1-0

[Event "*** SCC Grand Prix: Titled Tuesday Blitz"]
[Site "Chess.com"]
[Date "2020.08.11"]
[Round "7"]
[White "Meri-Arabidze"]
[Black "MasterKroket"]
[Result "1-0"]
[WhiteElo "2597"]
[BlackElo "2411"]
[TimeControl "180+1"]
[EndTime "11:15:38 PDT"]
[Termination "Meri-Arabidze won by resignation"]

1. d4 Nf6 2. c4 e6 3. Nf3 d5 4.
Nc3 Be7 5. Bg5 O-O 6. e3 Ne4 7. Bxe7 Qxe7 8. Rc1 Nxc3 9. Rxc3 c6 10. Qc2 Nd7 11.
h3 dxc4 12. Bxc4 e5 13. O-O exd4 14. exd4 Nb6 15. Bb3 Be6 16. Ne5 Bxb3 17. Rxb3 Rad8 18. Rd1 Rd5 19. Rg3 Rfd8 20. Ng4 Kh8 21. Ne3 Rxd4 22.
Rxd4 Rxd4 23. Rxg7 Re4 24. f3 Qb4 25. Rxh7+ Kxh7 26. Qxe4+ Qxe4 27. fxe4 Kg6 28. Kf2 Kf6 29. Kf3 Na4 30.
Nd1 Ke5 31. h4 Nc5 32. Nf2 Na4 33. Nd3+ Kd4 34. h5 Kxd3 35. h6 Nxb2 36. h7 1-0

[Event "*** SCC Grand Prix: Titled Tuesday Blitz"]
[Site "Chess.com"]
[Date "2020.08.11"]
[Round "7"]
[White "BursaBBSatranc"]
[Black "Shota_Azaladze"]
[Result "0-1"]
[WhiteElo "2517"]
[BlackElo "2683"]
[TimeControl "180+1"]
[EndTime "11:15:41 PDT"]
[Termination "Shota_Azaladze won by resignation"]

1. d4 g6 2. Bf4 Bg7 3. e3 d6 4. Nf3 Nd7 5. h3 e5 6. Bh2 Ne7 7. c4 O-O 8. Nc3 exd4 9. exd4 Nc6 10. Be2 Re8 11. O-O Nf6 12. d5 Nb4 13. a3 Na6 14.
Bd3 Nc5 15. Bc2 Nfe4 16. Nxe4 Nxe4 17. Re1 Nc5 18. Rb1 a5 19. Bf4 a4 20. Be3 Bd7 21.
Qd2 Qc8 22. Bd4 Rxe1+ 23. Rxe1 Qf8 24. Qc3 Bxd4 25. Qxd4 Qg7 26. Qxg7+ Kxg7 27. Kf1 b5 28. cxb5 Bxb5+ 29. Kg1 Rb8 30. Nd4 Bc4 31. Re7 Rb7 32.
g4 Kf8 0-1

[Event "*** SCC Grand Prix: Titled Tuesday Blitz"]
[Site "Chess.com"]
[Date "2020.08.11"]
[Round "7"]
[White "SergeyKarjakin"]
[Black "Twitch_ElhamBlitz05"]
[Result "1-0"]
[WhiteElo "2984"]
[BlackElo "2760"]
[TimeControl "180+1"]
[EndTime "11:15:44 PDT"]
[Termination "SergeyKarjakin won by resignation"]

1. e4 c6 2. d4 d5 3. e5 c5 4. dxc5 e6 5. Nf3 Bxc5 6. Bd3 Nc6 7. O-O Nge7 8. a3 O-O 9. b4 Bb6 10. Bb2 Ng6 11. Re1 Bc7 12. Nbd2 a5 13. b5 Nce7 14. g3 f5 15. exf6 gxf6 16. c4 e5 17. cxd5 Nxd5 18. Ne4 b6 19. Bc4 Be6 20. Qb3 Nge7 21. Rad1 Qe8 22.
Nc3 a4 23. Qa2 Qf7 24. Nxd5 1-0

[Event "*** SCC Grand Prix: Titled Tuesday Blitz"]
[Site "Chess.com"]
[Date "2020.08.11"]
[Round "7"]
[White "Politov_Pavel"]
[Black "Nikolaj_6"]
[Result "1-0"]
[WhiteElo "2127"]
[BlackElo "2604"]
[TimeControl "180+1"]
[EndTime "11:15:45 PDT"]
[Termination "Politov_Pavel won by checkmate"]

1. d4 Nf6 2. c4 c5 3. d5 e6 4. Nc3 exd5 5. cxd5 d6 6. Nf3 g6 7. Nd2 Nbd7 8. a4 Bg7 9. Nc4 Nb6 10. Na3 Bd7 11.
a5 Nc8 12. Nc4 O-O 13. Bg5 Re8 14. e3 h6 15. Bf4 Qe7 16. Be2 Rb8 17. O-O a6 18. h3 Bb5 19. Nxb5 axb5 20. Na3 b4 21. Nc4 Nd7 22. Ra2 Kh7 23. Qc2 Ne5 24. Bxe5 Bxe5 25.
a6 bxa6 26. Rxa6 Qb7 27. Rfa1 Qxd5 28. Bf3 Qe6 29. Rd1 Rd8 30. Bd5 Qe7 31. Nxe5 dxe5 32. Rd2 Nb6 33. Bxf7 Rxd2 34. Qxg6+ Kh8 35. Qxh6# 1-0

[Event "*** SCC Grand Prix: Titled Tuesday Blitz"]
[Site "Chess.com"]
[Date "2020.08.11"]
[Round "7"]
[White "c_r_e_e_p_e_r"]
[Black "talaicito"]
[Result "1-0"]
[WhiteElo "2329"]
[BlackElo "2091"]
[TimeControl "180+1"]
[EndTime "11:15:45 PDT"]
[Termination "c_r_e_e_p_e_r won on time"]

1. e4 e5 2. Nf3 Nc6 3. Bb5 a6 4. Ba4 Nf6 5. d4 b5 6. Bb3 Nxd4 7. Nxd4 exd4 8. e5 Ng8 9. Qf3 d5 10. Bxd5 Qe7 11. Bxa8 Qxe5+ 12. Kd1 Be6 13. Re1 Qd6 14. Bf4 Qc5 15. Qc6+ Qxc6 16. Bxc6+ Kd8 17. Nd2 Nf6 18. Be5 Bc5 19. Bxf6+ gxf6 20. Ne4 Be7 21. Ke2 f5 22. Ng3 Bc4+ 23. Kd1 f4 24. Nf5 Bf6 25. Re4 d3 26.
c3 Rg8 27. g3 h5 28. Kd2 Be6 29. Nd4 fxg3 30. hxg3 Bg4 31. Kxd3 h4 32. Rae1 1-0

[Event "*** SCC Grand Prix: Titled Tuesday Blitz"]
[Site "Chess.com"]
[Date "2020.08.11"]
[Round "7"]
[White "Fischerev7"]
[Black "RobPeresian"]
[Result "1-0"]
[WhiteElo "2404"]
[BlackElo "2235"]
[TimeControl "180+1"]
[EndTime "11:15:47 PDT"]
[Termination "Fischerev7 won by resignation"]

1. e4 e5 2. Bc4 Nf6 3. d3 Bc5 4. Nc3 Nc6 5. f4 d6 6. Nf3 a6 7. fxe5 dxe5 8. Nd5 h6 9. Be3 Bxe3 10. Nxe3 O-O 11.
O-O Na5 12. Bb3 Nxb3 13. axb3 Ng4 14. Qe2 Be6 15. Kh1 Qd6 16. Nc4 Bxc4 17. bxc4 Qc5 18. Rae1 Nf6 19. Nh4 Kh7 20. Nf5 Ng8 21. Rf3 g6 22.
Ne3 c6 23. Ref1 Qe7 24. Qf2 Kg7 25. Qg3 Qg5 26. Ng4 f6 27. h4 Qh5 28. Kg1 Rae8 29.
Ne3 Kh7 30. Ng4 Kg7 31. c5 Re6 32. Ne3 Kh7 33. Qf2 g5 34. hxg5 hxg5 35. Rh3 Qxh3 36.
gxh3 1-0

[Event "*** SCC Grand Prix: Titled Tuesday Blitz"]
[Site "Chess.com"]
[Date "2020.08.11"]
[Round "7"]
[White "larisakalinina"]
[Black "Chuchofrio1"]
[Result "0-1"]
[WhiteElo "1979"]
[BlackElo "2284"]
[TimeControl "180+1"]
[EndTime "11:15:51 PDT"]
[Termination "Chuchofrio1 won by resignation"]

1. e4 c5 2. Nf3 Nc6 3. d4 cxd4 4. Nxd4 Nf6 5. Nc3 e5 6. Ndb5 d6 7. Bg5 a6 8. Na3 b5 9. Nd5 Be7 10. Bxf6 Bxf6 11. c3 O-O 12. Nc2 Bg5 13. a3 Kh8 14. h4 Bh6 15. g4 Bf4 16. Qf3 Be6 17. Nxf4 Qf6 18. g5 Qxf4 19. Qxf4 exf4 20. Nd4 Ne5 21.
Nxe6 fxe6 22. Bh3 Rae8 23. O-O-O Nc4 24. b3 Nxa3 25. Kb2 b4 26. Rxd6 Nb5 27. Rxe6 bxc3+ 28. Ka2 Rxe6 29. Bxe6 Rd8 30. b4 Rd2+ 31. Kb3 g6 32.
Ra1 Rb2+ 33. Kc4 c2 34. Rc1 Na3+ 35. Kc3 Rb1 36. Rxc2 Nxc2 37. Kxc2 Rxb4 38. Bd5 Kg7 39.
e5 Kf8 40. e6 Ke7 41. Kc3 Rb6 42. Kd4 Rxe6 0-1

[Event "*** SCC Grand Prix: Titled Tuesday Blitz"]
[Site "Chess.com"]
[Date "2020.08.11"]
[Round "7"]
[White "StellarChessPro"]
[Black "TioCridineno"]
[Result "1-0"]
[WhiteElo "2519"]
[BlackElo "2207"]
[TimeControl "180+1"]
[EndTime "11:15:51 PDT"]
[Termination "StellarChessPro won by resignation"]

1. d4 Nf6 2. Bg5 c5 3. Bxf6 gxf6 4. d5 Qb6 5. Qc1 f5 6. e3 Bg7 7. c3 d6 8. Ne2 Nd7 9. Nf4 Ne5 10. Be2 Bd7 11. O-O O-O-O 12. a4 Ng6 13. a5 Qc7 14. Nd2 Nxf4 15. exf4 Bf6 16. Nc4 Rhg8 17. Qe3 Rg6 18.
b4 Rdg8 19. g3 h5 20. Rfb1 h4 21. a6 b6 22. bxc5 Qxc5 23. Qxc5+ dxc5 24. Bf3 Kc7 25. d6+ exd6 26. Nxb6 Bc6 27. Nd5+ Bxd5 28. Bxd5 Bxc3 29. Rb7+ Kc8 30. Rab1 Bb4 31. Bxf7 hxg3 32. hxg3 R8g7 33. Bxg6 Rxg6 34. Rxa7 Kb8 35. Rb7+ Ka8 36. Rf7 Re6 37. Rxf5 Ka7 38. Kg2 Kxa6 39. g4 Kb5 40. g5 Kc6 41.
Kf3 d5 42. Rg1 Bc3 43. g6 Re8 44. Rf7 Rg8 45. f5 c4 46. Kf4 d4 47. g7 d3 48. f6 Kb5 49. Rf8 Bd2+ 50. Kf5 1-0

[Event "*** SCC Grand Prix: Titled Tuesday Blitz"]
[Site "Chess.com"]
[Date "2020.08.11"]
[Round "7"]
[White "Adham_Fawzy"]
[Black "gmmoranda"]
[Result "1-0"]
[WhiteElo "2745"]
[BlackElo "2886"]
[TimeControl "180+1"]
[EndTime "11:15:52 PDT"]
[Termination "Adham_Fawzy won by resignation"]

1. e4 d6 2. d4 Nf6 3. Nc3 e5 4. dxe5 dxe5 5. Qxd8+ Kxd8 6. Bc4 Ke8 7. Nge2 c6 8. a3 a5 9. Ba2 Na6 10. Bg5 Be7 11.
f3 Nc5 12. O-O-O b5 13. Ng3 g6 14. h4 h5 15. Rhe1 Ne6 16. Bd2 b4 17. Nd5 cxd5 18.
exd5 Nc5 19. Rxe5 b3 20. Bxb3 Nxb3+ 21. cxb3 Kf8 22. Rxe7 Kxe7 23. Bg5 Bf5 24. Re1+ Kd6 25. Bxf6 Rac8+ 26. Kd1 Rhe8 27. Rxe8 Rxe8 28. Bc3 Kxd5 29. Bxa5 Bd3 30. Kd2 Ba6 31. Ne4 Rb8 32. b4 Bf1 33.
g3 f5 34. Nc3+ Kc6 35. a4 Bg2 36. Ke2 f4 37. gxf4 Bh3 38. b5+ Kc5 39. Bc7 Re8+ 40. Be5 Bd7 41. Ne4+ Kb4 42. Nf6 Re7 43. Nd5+ 1-0

[Event "*** SCC Grand Prix: Titled Tuesday Blitz"]
[Site "Chess.com"]
[Date "2020.08.11"]
[Round "7"]
[White "Iris77"]
[Black "UKR_Master"]
[Result "1-0"]
[WhiteElo "2078"]
[BlackElo "2292"]
[TimeControl "180+1"]
[EndTime "11:15:53 PDT"]
[Termination "Iris77 won by resignation"]

1. d4 Nf6 2. Bf4 g6 3. Nc3 d5 4. e3 Bg7 5. h4 O-O 6. h5 Nxh5 7. Rxh5 gxh5 8. Qxh5 c5 9. Nf3 cxd4 10. exd4 Nc6 11. Bd3 f5 12. O-O-O e6 13. Rh1 Qf6 14. Qxh7+ Kf7 15.
Qh5+ Kg8 16. Ng5 Rd8 17. Be5 Nxe5 18. dxe5 Qe7 19. Qg6 Kf8 20. Nh7+ Kg8 21. Nf6+ Kf8 22. Rh8+ 1-0

[Event "*** SCC Grand Prix: Titled Tuesday Blitz"]
[Site "Chess.com"]
[Date "2020.08.11"]
[Round "7"]
[White "DenLaz"]
[Black "Maksimus1998"]
[Result "1-0"]
[WhiteElo "2686"]
[BlackElo "2519"]
[TimeControl "180+1"]
[EndTime "11:15:59 PDT"]
[Termination "DenLaz won by resignation"]

1. c4 e5 2. Nc3 Nf6 3. Nf3 Nc6 4.
d3 g6 5. g3 Bg7 6. Bg2 O-O 7.
O-O d6 8. Rb1 a5 9. a3 Nd4 10.
Nxd4 exd4 11. Nb5 Nd7 12. b4 axb4 13. axb4 Nb6 14. e3 dxe3 15. Bxe3 Na4 16. Qb3 c6 17. Nd4 Re8 18. Ra1 Nb6 19. Nxc6 bxc6 20. Bxb6 Qd7 21.
Rxa8 Qb7 22. Qa4 1-0

[Event "*** SCC Grand Prix: Titled Tuesday Blitz"]
[Site "Chess.com"]
[Date "2020.08.11"]
[Round "7"]
[White "eljanov"]
[Black "tsvet2005"]
[Result "1-0"]
[WhiteElo "2801"]
[BlackElo "2584"]
[TimeControl "180+1"]
[EndTime "11:16:05 PDT"]
[Termination "eljanov won by resignation"]

1. e4 c5 2. Nf3 d6 3. d4 cxd4 4. Nxd4 Nf6 5. Nc3 a6 6. Be2 e5 7. Nb3 Be7 8. Be3 Be6 9. Nd5 Nbd7 10. Qd3 O-O 11. a4 Bxd5 12. exd5 Ne8 13. O-O Bg5 14. a5 Bxe3 15. Qxe3 Rc8 16. c4 f5 17. f3 Nef6 18.
Nd2 Qe7 19. b4 Rfe8 20. Kh1 Qf7 21. Rac1 Qh5 22. c5 f4 23. Qf2 dxc5 24. bxc5 Nxd5 25.
Bc4 Nf6 26. Ne4 Kh8 27. Nd6 Ne3 28. Bf7 g6 29. Bxe8 Rxe8 30. Nxe8 Nxe8 31. Rfe1 Qh6 32. Rc3 Nf6 33. Rcxe3 1-0

[Event "*** SCC Grand Prix: Titled Tuesday Blitz"]
[Site "Chess.com"]
[Date "2020.08.11"]
[Round "7"]
[White "ManuDavid2910"]
[Black "amatatanav"]
[Result "1-0"]
[WhiteElo "2646"]
[BlackElo "2464"]
[TimeControl "180+1"]
[EndTime "11:16:08 PDT"]
[Termination "ManuDavid2910 won on time"]

1. e4 c5 2. Nf3 Nc6 3. c3 Nf6 4. e5 Nd5 5. d4 cxd4 6. cxd4 d6 7. exd6 Qxd6 8. Nc3 Bg4 9. Bc4 e6 10. O-O Nb6 11. Be2 Rd8 12. Be3 Nd5 13. Bg5 Be7 14.
Be3 O-O 15. Kh1 Nxe3 16. fxe3 Qb4 17. Qd2 e5 18. a3 Qb6 19. d5 e4 20. Nxe4 Be6 21.
Nc3 Na5 22. e4 Nb3 23. Qe1 Nxa1 24. dxe6 Nc2 25. Qc1 Nd4 26. exf7+ Kh8 27. Bc4 Nxf3 28. Rxf3 Bf6 29. h3 Bxc3 30. Rxc3 Rc8 31. Bd5 Rxc3 32. Qxc3 Qf2 33. Qf3 Qe1+ 34. Kh2 Qd2 35. e5 1-0

[Event "*** SCC Grand Prix: Titled Tuesday Blitz"]
[Site "Chess.com"]
[Date "2020.08.11"]
[Round "7"]
[White "BabyBoss31"]
[Black "mjray79"]
[Result "0-1"]
[WhiteElo "2207"]
[BlackElo "2355"]
[TimeControl "180+1"]
[EndTime "11:16:08 PDT"]
[Termination "mjray79 won by resignation"]

1. d4 Nf6 2. c4 g6 3. Nc3 Bg7 4.
e4 d6 5. h3 O-O 6. Nf3 Nc6 7.
Be2 e5 8. d5 Ne7 9. O-O Ne8 10.
Bg5 f6 11. Be3 f5 12. exf5 gxf5 13. Qc1 f4 14. Bd2 Ng6 15. Ne4 Bf5 16. Bd3 Nh4 17. Nxh4 Qxh4 18. f3 Nf6 19. Be1 Qh5 20. Nxf6+ Rxf6 21.
Bxf5 Qxf5 22. Qb1 Qg5 23. Qe4 Rg6 24. Rf2 Bf6 25. Re2 Kh8 26. Rc1 Rf8 27. Rcc2 Rfg8 28. b4 Qh5 29. Kh2 Bh4 30. Bxh4 Qxh4 31. Qd3 Rg3 32. Qd1 Rxh3+ 33. gxh3 Qg3+ 34. Kh1 Qxf3+ 35. Kh2 Rg3 36. Rc3 0-1

[Event "*** SCC Grand Prix: Titled Tuesday Blitz"]
[Site "Chess.com"]
[Date "2020.08.11"]
[Round "7"]
[White "sertalzin"]
[Black "PawnEatingZombie"]
[Result "0-1"]
[WhiteElo "1847"]
[BlackElo "2215"]
[TimeControl "180+1"]
[EndTime "11:16:10 PDT"]
[Termination "PawnEatingZombie won on time"]

1. d4 d5 2. c4 e6 3. Nc3 Bb4 4. e3 Nf6 5. a3 Bxc3+ 6. bxc3 c6 7. Bd3 O-O 8. Ne2 b6 9. cxd5 cxd5 10. O-O Ba6 11. Bxa6 Nxa6 12. Qd3 Nb8 13. f3 Nc6 14. e4 Na5 15. Bg5 h6 16. Bh4 g5 17. Bf2 Rc8 18. e5 Nh7 19. f4 f5 20. exf6 Rxf6 21. fxg5 hxg5 22. Ng3 Qe8 23. Be3 Qg6 24. Qa6 Rc7 25.
Rxf6 Nxf6 26. Qd3 Qxd3 0-1

[Event "*** SCC Grand Prix: Titled Tuesday Blitz"]
[Site "Chess.com"]
[Date "2020.08.11"]
[Round "7"]
[White "Roza_Idrisova"]
[Black "Sesleria"]
[Result "1-0"]
[WhiteElo "2206"]
[BlackElo "1951"]
[TimeControl "180+1"]
[EndTime "11:16:10 PDT"]
[Termination "Roza_Idrisova won by resignation"]

1. d4 Nf6 2. Nf3 d5 3. Bg5 Nbd7 4. e3 c5 5. c3 g6 6. Bd3 Bg7 7. O-O b6 8. a4 a5 9. Na3 O-O 10. h3 Bb7 11. Nb5 Ne4 12. Bf4 f6 13. Bc7 Qc8 14. Bh2 e5 15. dxe5 fxe5 16. Bxe4 dxe4 17. Nd2 Bd5 18. c4 Bc6 19. Nd6 Qa6 20. N2xe4 Bxe4 21. Nxe4 Rad8 22. Qc2 Nb8 23. Rad1 Nc6 24. b3 Qc8 25. Nc3 Nb4 26. Qe2 Qf5 27. Nd5 Nxd5 28. cxd5 e4 29.
Qc4 Rd6 30. Bxd6 1-0

[Event "*** SCC Grand Prix: Titled Tuesday Blitz"]
[Site "Chess.com"]
[Date "2020.08.11"]
[Round "7"]
[White "Alexander_Moskalenko"]
[Black "Legendinunknown"]
[Result "0-1"]
[WhiteElo "2828"]
[BlackElo "2601"]
[TimeControl "180+1"]
[EndTime "11:16:13 PDT"]
[Termination "Legendinunknown won by resignation"]

1. e4 e5 2. Nf3 Nc6 3. Bb5 a6 4. Bxc6 dxc6 5. Nc3 f6 6. d4 exd4 7. Nxd4 c5 8. Nde2 Qxd1+ 9. Nxd1 Be6 10. Bf4 O-O-O 11.
Ne3 Bd6 12. Rd1 Ne7 13. Bxd6 cxd6 14. Nc3 Nc6 15. f3 Rhe8 16. Kf2 g6 17. g4 Nd4 18. Ne2 Nxe2 19. Kxe2 d5 20. exd5 Bxd5 21. Kf2 Bf7 22. Rxd8+ Kxd8 23. Rd1+ Kc7 24. a3 Kc6 25. h4 b5 26. c3 a5 27. Rd2 Rb8 28. g5 f5 29. Kg3 b4 30. axb4 cxb4 31. Kf4 bxc3 32. bxc3 a4 33. Ke5 Re8+ 34. Kf6 Bb3 35. Nc2 Bxc2 36. Rxc2 Kc5 37. Ra2 Ra8 38. h5 Ra6+ 39.
Ke5 Kb5 40. hxg6 hxg6 41. Ra3 Kc4 42. f4 Kd3 43. Kd5 Kc2 44. c4 Kb2 45. Rh3 a3 46.
Rh2+ Kc3 47. Rh3+ Kb4 48. Rh1 Ra5+ 49. Kd4 a2 50. Ra1 Kb3 51. c5 Kb2 52. Rxa2+ Kxa2 53. c6 Kb3 54. c7 Ra4+ 55. Kc5 Rc4+ 56. Kd6 Kc3 57.
Kd7 Kd4 58. c8=Q Rxc8 59. Kxc8 Ke4 60. Kd7 Kxf4 61. Ke6 Kxg5 62. Ke5 f4 63. Ke4 Kg4 64.
Kd3 Kg3 65. Kd2 f3 66. Ke1 Kg2 0-1

[Event "*** SCC Grand Prix: Titled Tuesday Blitz"]
[Site "Chess.com"]
[Date "2020.08.11"]
[Round "7"]
[White "Thipsay"]
[Black "DinaBelenkaya"]
[Result "1-0"]
[WhiteElo "2485"]
[BlackElo "2342"]
[TimeControl "180+1"]
[EndTime "11:16:13 PDT"]
[Termination "Thipsay won by checkmate"]

1. e4 d5 2. exd5 Qxd5 3. Nc3 Qa5 4. b4 Qxb4 5. Rb1 Qd6 6. Nf3 c6 7. Bc4 Nf6 8. O-O e6 9. a4 Be7 10.
Rb3 O-O 11. Qe2 b6 12. Rd1 Bb7 13. d4 Qc7 14. Ne5 Nbd7 15. Bf4 Bd6 16. Rd3 Rae8 17.
Rg3 Kh8 18. Rb1 c5 19. Nb5 Qb8 20. Nxd7 Bxf4 21. Nxb8 Bxg3 22. hxg3 Rxb8 23. Nd6 Bc6 24. dxc5 Bxa4 25. cxb6 axb6 26. Ra1 Bc6 27. Ra7 Nd7 28. Bb5 Bxb5 29. Qxb5 Nc5 30. Nxf7+ Kg8 31. Ne5 Rf5 32. Qb2 Ne4 33. Nc6 Rbf8 34. Qxg7# 1-0

[Event "*** SCC Grand Prix: Titled Tuesday Blitz"]
[Site "Chess.com"]
[Date "2020.08.11"]
[Round "7"]
[White "Xeslu"]
[Black "Ariadna_Atreides"]
[Result "1-0"]
[WhiteElo "2303"]
[BlackElo "2048"]
[TimeControl "180+1"]
[EndTime "11:16:16 PDT"]
[Termination "Xeslu won by resignation"]

1. e4 c5 2. Nf3 d6 3. Bc4 e6 4. d3 a6 5. c3 Nf6 6. Bb3 Be7 7.
O-O O-O 8. h3 b5 9. Re1 Bb7 10.
Nbd2 Nbd7 11. Bc2 Rc8 12. Nf1 Qc7 13. Ng3 Rfe8 14. Bf4 e5 15. Bg5 h6 16. Be3 d5 17. Nf5 Kh7 18. Nh2 Bf8 19. Qf3 d4 20. Bd2 dxc3 21. bxc3 Qb6 22. Rab1 c4 23. a4 cxd3 24.
Bxd3 Nc5 25. Be3 Qc6 26. axb5 axb5 27. Bxb5 Qxe4 28. Qxe4 Ncxe4 29. Bxe8 Nxe8 30. Rxb7 Nxc3 31. Rxf7 Kg6 32. Rxf8 1-0

[Event "*** SCC Grand Prix: Titled Tuesday Blitz"]
[Site "Chess.com"]
[Date "2020.08.11"]
[Round "7"]
[White "paulrusan"]
[Black "KyronGriffith"]
[Result "0-1"]
[WhiteElo "2205"]
[BlackElo "2348"]
[TimeControl "180+1"]
[EndTime "11:16:18 PDT"]
[Termination "KyronGriffith won by resignation"]

1. e4 c6 2. d4 d5 3. e5 Bf5 4. h4 h5 5. Bg5 Qb6 6. Bd3 Bxd3 7. Qxd3 Qa6 8. Qxa6 Nxa6 9. c3 e6 10. Ne2 Ne7 11. Nd2 Nf5 12. g3 c5 13. Nf3 Kd7 14. O-O-O cxd4 15. Nexd4 Nxd4 16. Nxd4 Rc8 17. Kb1 Bc5 18. f4 Bxd4 19. Rxd4 b5 20. f5 Rc4 21.
Rf1 Nc5 22. fxe6+ Kxe6 23. Rdf4 Rxf4 24. gxf4 g6 25. Bf6 Rc8 26. f5+ gxf5 27. Rg1 Ne4 28.
Rg7 Nxf6 29. exf6 Kxf6 30. Rg5 Re8 31. Rxh5 f4 32. Rg5 f3 33. Rg4 Kf5 34. Rg7 f6 35. Rg1 f2 36. Rf1 Re1+ 0-1

[Event "*** SCC Grand Prix: Titled Tuesday Blitz"]
[Site "Chess.com"]
[Date "2020.08.11"]
[Round "7"]
[White "deribas12345"]
[Black "IMHansNiemann"]
[Result "0-1"]
[WhiteElo "2609"]
[BlackElo "2910"]
[TimeControl "180+1"]
[EndTime "11:16:19 PDT"]
[Termination "IMHansNiemann won by resignation"]

1. d4 Nf6 2. c4 c5 3. d5 e6 4.
Nc3 exd5 5. cxd5 d6 6. e4 g6 7.
Nge2 Bg7 8. Ng3 O-O 9. Be2 h5 10. Bg5 Qb6 11. Qd2 Nh7 12. Be3 h4 13. Nf1 f5 14. g3 fxe4 15. gxh4 Bf5 16. Ng3 Nd7 17. Nxf5 gxf5 18. Rg1 Kh8 19. O-O-O Ne5 20. Rxg7 Kxg7 21. Bh6+ Kh8 22. Bxf8 Rxf8 23. Rg1 Qd8 24. Qh6 Qf6 25.
Qxf6+ Rxf6 26. Nb5 f4 27. Nc3 f3 28. Bf1 Rf4 29. h5 Nf6 30. Kd2 Rh4 31. h3 a6 32.
Ke3 b5 33. a4 b4 34. Nb1 Nxd5+ 35. Kd2 c4 36. Rg5 Rf4 37. Kc2 e3 38. Bxc4 Rxc4+ 0-1

[Event "*** SCC Grand Prix: Titled Tuesday Blitz"]
[Site "Chess.com"]
[Date "2020.08.11"]
[Round "7"]
[White "Korona_91"]
[Black "UmbertoConcelli"]
[Result "0-1"]
[WhiteElo "2491"]
[BlackElo "2699"]
[TimeControl "180+1"]
[EndTime "11:16:20 PDT"]
[Termination "UmbertoConcelli won by checkmate"]

1. e4 c5 2. Nf3 d6 3. Bb5+ Bd7 4. c4 Nc6 5. Nc3 Nf6 6. d4 cxd4 7. Nxd4 g6 8. O-O Bg7 9. Be3 O-O 10. f3 Rc8 11.
Bxc6 bxc6 12. c5 Rb8 13. Nb3 d5 14. e5 Ne8 15. f4 Nc7 16. Qd2 Rxb3 17. axb3 Qb8 18.
b4 a6 19. Ne2 Qb7 20. Nd4 Rb8 21. Ra4 Nb5 22. Nxb5 Qxb5 23. Rfa1 Bc8 24. Kf2 h5 25. Qe2 Qb7 26. Bd4 Qd7 27. Qd3 Qg4 28. Qe3 Bh6 29. g3 h4 30. e6 f6 31. Rg1 h3 32. Rga1 Qf5 33. R1a3 g5 34. Qf3 gxf4 35. gxf4 Bxf4 36. Qxh3 Be3+ 37. Kg2 Qf2+ 38. Kh1 Qg1# 0-1